 Dungeon Crawl Stone Soup version 0.30-a0-939-gc8157cb160 (webtiles) character file.

Game seed: 4291466028974401644

2478 pokeman the Thaumaturge (level 9, -1/72 HPs)
             Began as a Deep Elf Hedge Wizard on Mar 25, 2023.
             Succumbed to a water moccasin's poison
             ... on level 7 of the Dungeon.
             The game lasted 00:15:11 (7197 turns).

pokeman the Thaumaturge (Deep Elf Hedge Wizard)     Turns: 7197, Time: 00:15:12

Health: -1/72      AC: 24    Str: 13    XL:     9   Next: 27%
Magic:  12/26      EV:  2    Int: 24    God:
Gold:   356        SH:  0    Dex: 20    Spells: 17/30 levels left

rFire   . . .      SeeInvis .    o - +1 dagger (venom)
rCold   . . .      Faith    .    (no shield)
rNeg    . . .      Spirit   .    b - melded +0 robe
rPois   +          Reflect  .    e - melded +2 helmet
rElec   .          Rampage  .    t - melded +0 cloak
rCorr   .          NoTele   +    (gloves currently unavailable)
Will    .....                    (boots currently unavailable)
Stlth   +++                      (no amulet)
HPRegen 0.32/turn                k - +6 ring of strength
MPRegen 0.20/turn                r - +6 ring of dexterity

@: lethally poisoned (-1 -> -21), tree-form
A: stationary, stasis, torment immunity, boosted hp
a: no special abilities


You were on level 7 of the Dungeon.
You were a tree.
You visited 1 branch of the dungeon, and saw 7 of its levels.

You collected 356 gold pieces.

Inventory:

Hand Weapons
 j - a +2 mace of protection
 o - a +1 dagger of venom (weapon)
 s - a +4 quarterstaff of chaos
Missiles
 y - 12 curare-tipped darts
Armour
 b - a +0 robe (melded)
 e - a +2 helmet (melded)
 t - a +0 cloak (melded)
 D - a +0 tower shield
Jewellery
 f - a ring of fire
 k - a +6 ring of strength (left branch)
 r - a +6 ring of dexterity (right branch)
 A - a ring of resist corrosion
 F - a ring of protection from cold
Wands
 a - a wand of iceblast (4)
Scrolls
 c - 4 scrolls of immolation {unknown}
 m - 3 scrolls of identify {unknown}
 n - a scroll of teleportation {unknown}
 q - 2 scrolls of magic mapping {unknown}
 u - a scroll of brand weapon {unknown}
 z - a scroll of vulnerability {unknown}
 B - a scroll of silence {unknown}
 C - a scroll of fog {unknown}
 G - a scroll of fear {unknown}
 H - a scroll of noise {unknown}
 I - a scroll of enchant weapon {unknown}
Potions
 d - 2 potions of magic
 g - a potion of invisibility {unknown}
 h - a potion of might {unknown}
 i - 4 potions of lignification
 l - 2 potions of curing {unknown}
 p - a potion of resistance {unknown}
 v - a potion of heal wounds
 w - 3 potions of haste {unknown}
 x - a potion of attraction {unknown}
 E - a potion of brilliance {unknown}


   Skills:
 - Level 2.3 Fighting
 - Level 3.0 Armour
 - Level 3.0 Dodging
 - Level 3.0 Stealth
 + Level 1.4 Shields
 * Level 11.2 Spellcasting
 + Level 6.1 Conjurations
 - Level 5.0 Summonings
 - Level 1.1 Translocations
 + Level 1.8 Fire Magic
 - Level 1.0 Air Magic
 - Level 1.0 Poison Magic
 - Level 1.0 Evocations


You had 17 spell levels left.
You knew the following spells:

 Your Spells              Type           Power      Damage    Failure   Level
a - Magic Dart            Conj           100%       1d8       1%          1
b - Mephitic Cloud        Conj/Pois/Air  26%        N/A       4%          3
c - Call Imp              Summ           37%        N/A       1%          2
d - Blink                 Tloc           36%        N/A       4%          2
e - Plasma Beam           Fire/Air       10%        2x1d23    58%         5

Your spell library contained the following spells:

 Spells                   Type           Power      Damage    Failure   Level
 Kiss of Death            Conj/Necr      100%       2d13      1%          1
 Slow                     Hex            52%        N/A       4%          1
 Cigotuvi's Dreadful Rot  Necr/Pois/Air  32%        N/A       5%          2
 Confusing Touch          Hex            13%        N/A       14%         3
 Summon Lightning Spire   Summ/Air       27%        N/A       14%         4
 Airstrike                Air            9%         2d(2-18)  30%         4
 Dispel Undead            Necr           13%        3d9       43%         4
 Chain Lightning          Conj/Air       15%        3d20      100%        9
 Fire Storm               Conj/Fire      16%        8d4       100%        9
 Shatter                  Erth           6%         3d9*      100%        9


Dungeon Overview and Level Annotations

Branches:
Dungeon (7/15)
 Temple: D:4-7

Altars:
Gozag
Kikubaaqudgha
Makhleb
Qazlal
Sif Muna
Trog

Shops:
D:7 ([[

Annotations:
D:5 Books behind rock


Message History

The water moccasin is severely wounded.
You feel very sick.
Casting: Magic Dart (safe; 1% risk of failure)
Confirm with . or Enter, or press ? or * to list all spells.
Aiming: Magic Dart (safe; 1% risk of failure)
Press: ? - help, Shift-Dir - straight line, f/p - water moccasin
Aim: a water moccasin (severely wounded, ally target, 100% to hit)
The magic dart hits the water moccasin.
The water moccasin is severely wounded.
You feel sick. The orc misses your shadow imp.
Casting: Magic Dart (safe; 1% risk of failure)
Confirm with . or Enter, or press ? or * to list all spells.
Aiming: Magic Dart (safe; 1% risk of failure)
Press: ? - help, Shift-Dir - straight line, f/p - water moccasin
Aim: a water moccasin (severely wounded, ally target, 100% to hit)
The magic dart hits the water moccasin.
The water moccasin is almost dead.
You feel very sick. The water moccasin barely misses you.
The water moccasin bites you.
* * * LOW HITPOINT WARNING * * *
You are lethally poisoned!
The water moccasin poisons you!
Your shadow imp hits the water moccasin but does no damage.
Unknown command.
Casting: Magic Dart (safe; 1% risk of failure)
Confirm with . or Enter, or press ? or * to list all spells.
Aiming: Magic Dart (safe; 1% risk of failure)
Press: ? - help, Shift-Dir - straight line, f/p - water moccasin
Aim: a water moccasin (almost dead, not watching you, ally target, 100% to hit)
The magic dart hits the water moccasin!
You kill the water moccasin!
* * * LOW HITPOINT WARNING * * *
You feel very sick.
The orc hits your shadow imp with a +0 hand axe.
Your shadow imp misses the orc.
It was a potion of lignification.
You turn into a tree.
Your +0 cloak melds into your body.
Your +2 helmet melds into your body.
Your +0 robe melds into your body.
Your roots penetrate the ground.
You feel stable enough to blink again.
You die...

#.# #.. #.# ..
###'######
..#>.......#
.#........#######
...'......).#......
...#.......)..#
####.........##
#.♣.5...)##
#....o..##
#....K....
#........⌠..
#..........##
######..##..#
##..##..# ##.. #..


You could see a kobold brigand, an orc (ally target) and a friendly shadow imp
(summoned).

Vanquished Creatures
  Pikel (D:4)
  Menkaure (D:7)
  2 water moccasins (D:7)
  A sky beast (D:6)
  3 ice beasts
  An orc warrior (D:6)
  A black bear (D:5)
  An ogre (D:5)
  3 lemures (D:4)
  2 bullfrogs (D:7)
  A scorpion (D:5)
  A howler monkey (D:5)
  4 orc priests (D:7)
  Crazy Yiuf (D:3)
  5 hounds
  4 iguanas
  5 orc wizards
  Jessica (D:3)
  A sleepcap (D:5)
  Terence (D:3)
  7 gnolls
  8 adders
  A white imp (D:4)
  3 worms (D:3)
  A dart slug (D:4)
  21 orcs
  4 endoplasms
  5 giant cockroaches
  A goblin (D:2)
  3 hobgoblins
  8 jackals
  3 quokkas
  8 ball pythons
  5 bats
  2 frilled lizards
  6 kobolds
  3 rats
  2 rat zombies (D:5)
131 creatures vanquished.

Notes
Turn   | Place    | Note
-------+----------+-------------------------------------------
     0 | D:1      | pokeman the Deep Elf Hedge Wizard began the quest for the
                  | Orb.
     0 | D:1      | Reached XP level 1. HP: 10/10 MP: 7/7
   338 | D:1      | Reached XP level 2. HP: 15/15 MP: 5/9
  1013 | D:1      | Reached skill level 5 in Spellcasting
  1162 | D:2      | Reached XP level 3. HP: 20/20 MP: 7/11
  1166 | D:2      | Learned a level 3 spell: Mephitic Cloud
  1169 | D:2      | Learned a level 2 spell: Call Imp
  1172 | D:2      | Learned a level 2 spell: Blink
  1494 | D:2      | Reached skill level 1 in Fighting
  1494 | D:2      | Reached skill level 1 in Armour
  1946 | D:3      | Noticed Jessica
  1954 | D:3      | Killed Jessica
  1955 | D:3      | Reached XP level 4. HP: 13/25 MP: 2/13
  2083 | D:3      | Found an opulent altar of Gozag.
  2540 | D:3      | Noticed Terence
  2552 | D:3      | Killed Terence
  2553 | D:3      | Reached skill level 6 in Spellcasting
  2553 | D:3      | Reached XP level 5. HP: 29/29 MP: 8/15
  2838 | D:3      | Found a stormy altar of Qazlal.
  2879 | D:3      | Found a bloodstained altar of Trog.
  3098 | D:3      | Found a runed translucent door.
  3099 | D:3      | Noticed Crazy Yiuf
  3106 | D:3      | Killed Crazy Yiuf
  3209 | D:4      | Reached skill level 1 in Air Magic
  3209 | D:4      | Reached skill level 1 in Evocations
  3309 | D:4      | Reached skill level 1 in Poison Magic
  3480 | D:4      | Found a burning altar of Makhleb.
  3576 | D:4      | Reached XP level 6. HP: 34/34 MP: 8/17
  3849 | D:4      | Noticed Pikel
  3868 | D:4      | Killed Pikel
  3869 | D:4      | Reached skill level 8 in Spellcasting
  3869 | D:4      | Reached XP level 7. HP: 10/40 MP: 6/20
  4243 | D:5      | Entered Level 5 of the Dungeon
  4713 | D:5      | Reached XP level 8. HP: 21/44 MP: 15/22
  4730 | D:5      | Reached skill level 9 in Spellcasting
  5016 | D:5      | Found a shimmering blue altar of Sif Muna.
  5349 | D:5      | Found an ancient bone altar of Kikubaaqudgha.
  5547 | D:6      | Reached skill level 5 in Conjurations
  5906 | D:6      | Reached skill level 10 in Spellcasting
  6323 | D:7      | Found Pumejoim's Antique Armour Shoppe.
  6377 | D:7      | Found Alaomeon's Armour Shoppe.
  6377 | D:7      | Found Rafoz's General Store.
  6378 | D:7      | Found Mioxt's Weapon Shoppe.
  6547 | D:7      | Learned a level 5 spell: Plasma Beam
  6582 | D:7      | Reached XP level 9. HP: 42/48 MP: 22/25
  6633 | D:7      | Reached skill level 5 in Summonings
  6780 | D:7      | Noticed Menkaure
  6787 | D:7      | Killed Menkaure
  6846 | D:7      | Reached skill level 1 in Shields
  6846 | D:7      | Reached skill level 1 in Fire Magic
  7026 | D:7      | Reached skill level 11 in Spellcasting
  7196 | D:7      | HP: 2/48 [poisoned by a water moccasin]
  7197 | D:7      | Succumbed to a water moccasin's poison

Illustrated notes

Levels and vault maps discovered:
D:1:      amcnicky_arrival_wind_blow, layout_basic, minmay_stone_trees_medium
D:2:      layout_loops_ring
D:3:      layout_basic, lightli_temple_of_fire, old_standard_altar,
          nicolae_overflow_hidden_temple, uniq_terence, uniq_crazy_yiuf_cottage,
          uniq_jessica
D:4:      layout_cave_pools, lemuel_coloured_pillars_altar, minmay_door_square,
          minmay_parallelograms, uniq_pikel
D:5:      layout_cave_pools, nicolae_sif_muna_little_library,
          lemuel_zombie_altar_kikubaaqudgha, uniq_eustachio
D:6:      layout_loops_ring
D:7:      layout_basic, minmay_temple_entry_waves, minmay_shop_grid_forest,
          guppyfry_shop_venom, uniq_prince_ribbit1, uniq_menkaure

Skill      XL: |  1  2  3  4  5  6  7  8  9 |
---------------+----------------------------+-----
Spellcasting   | 5 6 8 10 11 | 11.2
Fighting       | 1 2 |  2.3
Armour         | 1 3 |  3.0
Conjurations   | 2 3 4 5 6 |  6.1
Stealth        | 3 |  3.0
Dodging        | 3 |  3.0
Air Magic      | 1 |  1.0
Evocations     | 1 |  1.0
Poison Magic   | 1 |  1.0
Summonings     | 3 4 5 |  5.0
Shields        | 1 |  1.4
Fire Magic     | 1 |  1.8
Translocations | |  1.1

Action                     |  1- 3 |  4- 6 |  7- 9 || total
---------------------------+-------+-------+-------++-------
  Melee: Dagger            |     4 |    92 |   124 ||   220
         Mace              |       |    10 |       ||    10
         Punch             |       |     3 |     2 ||     5
   Cast: Magic Dart        |    73 |    64 |   144 ||   281
         Mephitic Cloud    |     1 |    11 |    17 ||    29
         Blink             |       |     1 |     2 ||     3
         Call Imp          |       |       |     9 ||     9
    Use: Potion            |       |       |     1 ||     1
   Stab: Sleeping          |       |     2 |     1 ||     3
         Confused          |       |     5 |    12 ||    17
 Armour: Robe              |     8 |    25 |    56 ||    89
  Dodge: Dodged            |    18 |    59 |    97 ||   174

Table legend: (Time is in decaauts)
 A = Elapsed time spent in this place.
 B = Non-inter-level travel time spent in this place.
 C = Inter-level travel time spent in this place.
 D = Time resting spent in this place.
 E = Time spent auto-exploring this place.
 F = Levels seen in this place.
 G = Mean time per level.
                   A        B        C        D        E       F      G
               +--------+--------+--------+--------+--------+-----+--------+
         Total |   7199 |   7043 |    156 |    360 |   5614 |   7 | 1028.4 |
       Dungeon |   7199 |   7043 |    156 |    360 |   5614 |   7 | 1028.4 |
               +--------+--------+--------+--------+--------+-----+--------+

Top non-repeatable levels by time:
     D:3: 1274 daAuts
     D:4: 1212 daAuts
     D:1: 1153 daAuts
     D:5: 998 daAuts
     D:6: 932 daAuts
     D:7: 873 daAuts
     D:2: 754 daAuts
